 Dungeon Crawl Stone Soup version 0.19.5 (console) character file.

107 Grinner the Ducker (level 4, -1/23 HPs)
             Began as a Spriggan Monk on Mar 6, 2017.
             Slain by an adder (3 damage)
             ... on level 3 of the Dungeon.
             The game lasted 00:06:21 (2666 turns).

Grinner the Ducker (Spriggan Monk)                  Turns: 2666, Time: 00:06:21

Health: -1/23      AC:  2    Str:  5 (7)  XL:     4   Next: 57%
Magic:  5/5        EV: 20    Int: 12 (13) God:
Gold:   45         SH:  0    Dex: 21      Spells: 0 memorised, 3 levels left

rFire  . . .     SeeInvis +     a - +0 falchion
rCold  . . .     Gourm    .     b - +0 robe
rNeg   . . .     Faith    .     (shield restricted)
rPois  .         Spirit   .     (helmet restricted)
rElec  .         Reflect  .     (no cloak)
rCorr  .         Harm     .     (gloves unavailable)
MR     .....                    (boots unavailable)
Stlth  +++.......               (no amulet)
                                (no ring)
                                (no ring)

@: lethally poisoned (-1 -> -9), very quick
A: unfitting armour, thin skeletal structure 1, see invisible, blink, clever 1,
herbivore 3, speed 3, slow metabolism 2
a: Blink


You were on level 3 of the Dungeon.
You were not hungry.

You visited 1 branch of the dungeon, and saw 3 of its levels.

You collected 45 gold pieces.

Inventory:

Hand Weapons
 a - a +0 falchion (weapon)
 g - a +0 dagger
Armour
 b - a +0 robe (worn)
Scrolls
 d - 2 scrolls of recharging
 e - a scroll of remove curse
 f - a scroll of noise
 h - a scroll of identify
Comestibles
 c - a bread ration
 k - 4 fruits


   Skills:
 - Level 2.4 Fighting
 + Level 2.8(4.3) Short Blades
 + Level 3.7(4.0) Long Blades
 - Level 4.4 Dodging
 - Level 3.0 Stealth


You had 3 spell levels left.
You didn't know any spells.

Dungeon Overview and Level Annotations

Branches:
Dungeon (3/15)

Altars:


Innate Abilities, Weirdness & Mutations

You are very small and have problems with some larger weapons.
You are too small for most types of armour.
You have supernaturally acute eyesight. (SInv)
You are a herbivore.
You cover ground extremely quickly.
You need consume almost no food.
You have a somewhat thin skeletal structure. (Dex +2, Stealth)
You can translocate small distances at will.
Your mind is acute. (Int +2)


Message History

You barely miss the adder.
The adder is heavily wounded.
You feel sick. The adder barely misses you. The adder closely misses you.
You barely miss the adder.
The adder is heavily wounded.
The adder completely misses you.
You hit the adder.
The adder is severely wounded.
You feel sick. The adder misses you. The adder bites you.
* * * LOW HITPOINT WARNING * * *
You are lethally poisoned!
The adder poisons you!
You miss the adder.
The adder is heavily wounded.
The adder misses you.
You closely miss the adder.
The adder is heavily wounded.
* * * LOW HITPOINT WARNING * * *
You feel sick. The adder bites you.
You die...

#)..[.# #.....#
####.....#
#...%....#
#....)...# #
#......###
.######......#
............o#####
...o..oo..o.ooZS@+
.######..$..######
..######..#######
.......†.........
#..#####..######
##.#####.......#
......g..####.#
......#.##
.#..#.#.#


You could see an adder, 4 orcs and a centaur skeleton.

Vanquished Creatures
  Ijyb (D:2)
  3 adders (D:2)
  A dart slug (D:1)
  2 leopard geckos
  2 giant cockroaches (D:1)
  6 goblins
  3 hobgoblins
  8 jackals
  3 quokkas (D:2)
  A ball python (D:2)
  7 bats
  4 kobolds
  8 rats
49 creatures vanquished.

Notes
Turn   | Place    | Note
-------+----------+-------------------------------------------
     0 | D:1      | Grinner the Spriggan Monk began the quest for the Orb.
     0 | D:1      | Reached XP level 1. HP: 11/11 MP: 2/2
   127 | D:1      | Reached XP level 2. HP: 16/16 MP: 3/3
   224 | D:1      | Reached skill level 1 in Short Blades
   786 | D:2      | Reached XP level 3. HP: 16/19 MP: 4/4
  1812 | D:2      | Noticed Ijyb
  1847 | D:2      | Gained mutation: Your mind is acute. (Int +2) [potion of mutation]
  1847 | D:2      | Gained mutation: You have a somewhat thin skeletal structure. (Dex +2, Stealth) [potion of mutation]
  1847 | D:2      | Gained mutation: You can translocate small distances at will. [potion of mutation]
  1854 | D:2      | Killed Ijyb
  1854 | D:2      | Reached XP level 4. HP: 9/23 MP: 5/5
  2666 | D:3      | Slain by an adder

Skill      XL: |  1  2  3 |
---------------+----------+-----
Short Blades   | 1 2 |  2.8
Long Blades    | 3 |  3.7
Fighting       | |  2.4
Dodging        | |  4.4
Stealth        | |  3.0

Action                   |  1- 3 |  4- 6 || total
-------------------------+-------+-------++-------
Melee: Falchion          |   162 |    50 ||   212
  Use: Potion            |     3 |       ||     3
       Scroll            |       |     3 ||     3
 Stab: Sleeping          |    10 |     3 ||    13
Armor: Robe              |    10 |     4 ||    14
Dodge: Dodged            |   154 |    54 ||   208
       Rpst.: Falchion   |    50 |    15 ||    65
